 Dungeon Crawl Stone Soup version 0.16-a0-3641-g71d4c1b (webtiles) character file.

823 SolCadguy the Ducker (level 7, 0/56 HPs)
             Began as a Deep Dwarf Artificer on Apr 4, 2015.
             Slain by a gnoll
             ... wielding a +0 whip
              (5 damage)
             ... on level 4 of the Dungeon.
             The game lasted 00:37:33 (3601 turns).

SolCadguy the Ducker (Deep Dwarf Artificer)         Turns: 3601, Time: 00:37:33

Health: 0/56       AC:  3    Str: 17    XL:     7   Next: 64%
Magic:  16/16      EV: 15    Int: 12    God:
Gold:   231        SH:  0    Dex: 13    Spells: 0 memorised, 6 levels left

rFire  . . .     SeeInvis .     w - +1 short sword (freeze)
rCold  . . .     Clarity  .     e - +0 leather armour
rNeg   . . .     SustAb   .     (no shield)
rPois  .         Gourm    .     (no helmet)
rElec  .         Spirit   .     (no cloak)
rCorr  .         Warding  .     (no gloves)
rMut   .         Stasis   .     (no boots)
MR     +....                    (no amulet)
Stlth  +.........               (no ring)
                                H - ring of magical power

@: non-regenerating, somewhat resistant to hostile enchantments, very unstealthy
A: damage resistance, recharge devices, sense surroundings 1, slow healing 3
a: Device Recharging


You were on level 4 of the Dungeon.
You were hungry.

You visited 1 branch of the dungeon, and saw 4 of its levels.
You also visited: Sewer.

You collected 231 gold pieces.

Inventory:

Hand weapons
 a - a +0 short sword
 k - a +0 club
 n - a +0 spear
 o - a +0 mace
 s - a +0 flail
 u - a +0 scythe
 w - a +1 short sword of freezing (weapon)
 y - a +0 short sword of draining
 A - a -3 war axe
 B - a +0 long sword
 N - a +0 long sword
 P - a +0 hand axe
 S - a +0 spear of freezing
 T - a +0 whip
Missiles
 h - 49 stones (quivered)
 q - 35 bolts
 z - 12 poisoned needles
Armour
 e - a +0 leather armour (worn)
 v - a +2 robe of the Archmagi
 Q - a +0 scale mail
Jewellery
 r - an uncursed amulet of guardian spirit
 H - a ring of magical power (left hand)
 K - an uncursed ring of flight {unknown}
 M - an uncursed amulet of resist corrosion {unknown}
Magical devices
 b - a wand of flame (0)
 c - a wand of enslavement (14)
 d - a wand of random effects (15)
 f - a wand of heal wounds (4)
 D - a wand of frost (19)
 E - a wand of hasting (5)
Scrolls
 j - 7 scrolls of teleportation
 m - 5 scrolls of identify
 t - 3 scrolls of remove curse
 x - a scroll of blinking {unknown}
 G - a scroll of recharging {unknown}
Potions
 i - a potion of curing {unknown}
 l - a potion of ambrosia
 p - a potion of might
 F - a potion of agility {unknown}
 I - a potion of invisibility {unknown}
 O - a potion of lignification {unknown}
 R - a potion of mutation {unknown}
Books
 J - a book of the Tempests

   Spells                             Type                      Level
   a - Static Discharge               Conjuration/Air              3
   b - Lightning Bolt                 Conjuration/Air              5
   c - Fireball                       Conjuration/Fire             5
   d - Tornado                        Air                          9
   e - Shatter                        Earth                        9
 L - an Akashic Record {highlevel, unknown}

   This book is beyond your current level of understanding.

   Spells                             Type                      Level
   a - Dispersal                      Translocation                6
   b - Controlled Blink               Translocation                7
   c - Malign Gateway                 Summoning/Translocation      7
   d - Disjunction                    Translocation                8
   e - Singularity                    Translocation                9
Comestibles
 g - 4 bread rations
 C - 3 meat rations


   Skills:
 - Level 0.8 Fighting
 - Level 2.0 Short Blades
 + Level 4.0(4.3) Axes
 - Level 2.0(3.1) Maces & Flails
 + Level 4.0 Armour
 + Level 6.6 Dodging
 - Level 1.2 Stealth
 - Level 4.0 Evocations


You had 6 spell levels left.
You didn't know any spells.

Dungeon Overview and Level Annotations

Branches:
Dungeon (4/15)             Temple (0/1) D:4

Altars:
Dithmenos


Innate Abilities, Weirdness & Mutations

You are resistant to damage.
You can recharge devices by infusing magical energy.
You passively map a small area around you.
You do not heal naturally.


Message History

The gnoll sergeant hits you but does no damage.
The gnoll hits you with a club.
You closely miss the gnoll.
The gnoll sergeant hits you from afar with a trident!
* * * LOW HITPOINT WARNING * * *
You hit the gnoll. You freeze the gnoll.
The gnoll is severely wounded.
The gnoll closely misses you.
You barely miss the gnoll.
The gnoll is severely wounded.
The gnoll sergeant hits you from afar with a trident!
* * * LOW HITPOINT WARNING * * *
The gnoll closely misses you.
You hit the gnoll. You freeze the gnoll.
You kill the gnoll!
The gnoll sergeant closely misses you.
You hit the gnoll. You freeze the gnoll.
The gnoll is heavily wounded.
The gnoll sergeant barely misses you. The gnoll hits you with a whip!
You die...

# ##................##..# #... ##
#.................##.## #...
.###.#)..###............#######.#
...†.....# #######........(.(....
.####....# #...############ .##
#....###### #.......########
...##)..##....# #..###.....<...(
##............####..#.(....(.....
####...........@gg...###########
#....#.....######## #...##....##
######....# ######


You could see a gnoll sergeant and a gnoll.

Vanquished Creatures
  A phantom (D:4)
  Sigmund (D:2)
  2 hounds (D:4)
  A centaur skeleton (D:4)
  2 orc wizards
  An iguana (D:4)
  2 worker ants (D:4)
  6 gnolls
  9 giant mites (Sewer)
  13 adders
  2 worms (D:2)
  9 giant geckos
  12 oozes
  19 orcs
  10 ball pythons
  10 bats
  18 giant cockroaches
  8 hobgoblins
  2 jackals (D:2)
  17 giant newts
  7 goblins
  16 kobolds
  8 rats
176 creatures vanquished.

Vanquished Creatures (collateral kills)
  2 giant mites (Sewer)
  A giant gecko (Sewer)
  An ooze (Sewer)
4 creatures vanquished.

Vanquished Creatures (others)
  A giant frog (Sewer)
1 creature vanquished.

Grand Total: 181 creatures vanquished

Notes
Turn   | Place    | Note
--------------------------------------------------------------
     0 | D:1      | SolCadguy, the Deep Dwarf Artificer, began the quest for the Orb.
     0 | D:1      | Reached XP level 1. HP: 16/16 MP: 1/1
    48 | D:1      | Reached skill level 1 in Short Blades
   126 | D:1      | Reached XP level 2. HP: 24/24 MP: 3/3
   350 | D:1      | Reached XP level 3. HP: 11/30 MP: 5/5
   643 | D:2      | Noticed Sigmund
   828 | D:2      | Reached XP level 4. HP: 24/37 MP: 2/6
  1028 | D:2      | Killed Sigmund
  1028 | D:2      | Reached skill level 1 in Maces & Flails
  1028 | D:2      | Reached XP level 5. HP: 22/43 MP: 8/8
  1324 | D:2      | Reached skill level 5 in Dodging
  1576 | D:2      | Reached skill level 1 in Armour
  1632 | D:3      | Reached skill level 1 in Axes
  1815 | D:3      | Reached XP level 6. HP: 31/50 MP: 9/9
  2286 | D:4      | Found a shadowy altar of Dithmenos.
  2392 | D:4      | Found a staircase to the Ecumenical Temple.
  2418 | D:4      | Reached XP level 7. HP: 33/56 MP: 8/8
  2546 | D:4      | Found a glowing drain.
  2555 | Sewer    | Entered a sewer
  2647 | Sewer    | Reached skill level 6 in Dodging
  3601 | D:4      | Slain by a gnoll

Action                   |  1- 3 |  4- 6 |  7- 9 || total
-------------------------+-------+-------+-------++-------
Melee: Short sword       |   134 |   248 |   364 ||   746
       Mace              |       |    20 |       ||    20
       Spear             |       |       |     7 ||     7
Throw: Stone             |    30 |    33 |    26 ||    89
       Tomahawk          |       |    17 |    33 ||    50
 Abil: Device Recharging |       |     3 |     1 ||     4
Evoke: Wand              |     4 |    17 |     6 ||    27
  Use: Scroll            |     1 |     5 |       ||     6
       Potion            |     1 |     3 |       ||     4
 Stab: Sleeping          |       |     2 |     1 ||     3
  Eat: Chunk             |       |     4 |     4 ||     8
       Pizza             |       |     1 |       ||     1
